 Dungeon Crawl Stone Soup version 0.24.0-37-gcf1ca852f1 (webtiles) character file.

Game seed: 9937355596041357952, levelgen mode: deterministic

2462 Delamore the Severer (level 9, -1/70 HPs)
             Began as a Hill Orc Fighter on Nov 28, 2019.
             Was a Priest of Okawaru.
             Slain by a hornet (9 damage)
             ... on level 6 of the Dungeon.
             The game lasted 00:11:06 (7858 turns).

Delamore the Severer (Hill Orc Fighter)             Turns: 7858, Time: 00:11:06

Health: -1/70      AC: 12    Str: 22    XL:     9   Next: 50%
Magic:  9/9        EV:  9    Int:  8    God:    Okawaru [***...]
Gold:   238        SH:  0    Dex: 10    Spells: 8/8 levels left

rFire    . . .     SeeInvis .   u - +1 battleaxe (freeze)
rCold    . . .     Gourm    .   (shield currently unavailable)
rNeg     . . .     Faith    .   b - +0 scale mail
rPois    .         Spirit   .   (no helmet)
rElec    .         Reflect  .   s - +0 cloak
rCorr    .         Harm     .   p - +0 pair of gloves
MR       .....                  g - +2 pair of boots {Stlth+}
Stlth    +.........             (no amulet)
HPRegen  0.21/turn              (no ring)
MPRegen  0.11/turn              (no ring)

@: lethally poisoned (-1 -> -17), slowed, very slow
A: no striking features
a: Heroism, Renounce Religion


You were on level 6 of the Dungeon.
You worshipped Okawaru.
Okawaru was most pleased with you.
You were hungry.

You visited 1 branch of the dungeon, and saw 7 of its levels.
You also visited: Sewer.

You collected 238 gold pieces.

Inventory:

Hand Weapons
 a - a +0 war axe
 u - a +1 battleaxe of freezing (weapon)
Missiles
 h - 8 curare-tipped darts
 o - 58 poisoned darts (quivered)
Armour
 b - a +0 scale mail (worn)
 c - a +0 shield
 g - a +2 pair of boots of stealth (worn)
 p - a +0 pair of gloves (worn)
 s - a +0 cloak (worn)
Jewellery
 v - an uncursed amulet of harm
Wands
 k - a wand of random effects (40)
Scrolls
 e - a scroll of fog
 i - 2 scrolls of identify
 j - 2 scrolls of enchant armour
 m - 4 scrolls of teleportation
 q - a scroll of magic mapping
 x - 2 scrolls of immolation
 y - a scroll of blinking
 D - a scroll of fear
Potions
 d - 3 potions of might
 l - a potion of lignification
 n - 4 potions of haste
 r - 4 potions of agility
 t - a potion of brilliance
 w - 2 potions of curing
 z - a potion of heal wounds
 A - a potion of mutation
 C - a potion of resistance
Comestibles
 f - 15 rations


   Skills:
 - Level 3.6 Fighting
 + Level 15.4 Axes
 - Level 3.2 Armour
 - Level 3.2 Shields


You had 8 spell levels left.
You didn't know any spells.
Your spell library contained the following spells:

 Spells                   Type           Power        Failure   Level  Hunger
 Magic Dart               Conj           #...         75%         1    ##.....
 Searing Ray              Conj           #.....       86%         2    ###....
 Dazzling Spray           Conj/Hex       #.....       98%         3    ####...
 Force Lance              Conj/Tloc      #.......     100%        4    #####..
 Fulminant Prism          Conj/Hex       #.........   100%        4    #####..
 Iskenderun's Mystic Bla  Conj           #.......     100%        4    #####..


Dungeon Overview and Level Annotations

Branches:
Dungeon (7/15)             Temple (0/1) D:5           Sewer (visited)

Altars:
Ashenzari
Gozag
Okawaru
Ru
Vehumet
Xom
Yredelemnul

Annotations:
D:6 3 runed translucent doors, P0WERM0DE's ghost, novice DsFi


Message History

The hornet is almost dead.
You closely miss the adder.
You feel sick. The hornet stings you.
* * * LOW HITPOINT WARNING * * *
You feel as though you will be slow longer.
The adder bites you but does no damage.
The hornet stings you but does no damage.
The adder closely misses you. The hornet stings you.
* * * LOW HITPOINT WARNING * * *
You feel as though you will be slow longer.
You hit the hornet but do no damage.
The hornet is almost dead.
You hit the adder but do no damage.
* * * LOW HITPOINT WARNING * * *
You feel sick. The adder bites you.
* * * LOW HITPOINT WARNING * * *
You are more poisoned.
The adder poisons you!
The hornet stings you but does no damage.
The adder closely misses you. The hornet stings you!
You die...

#.# #.# #.##########
##########
#.#........#
#....)...#
#.#........#
#.######.#
#.#........# #.#
#.#####.#........# #.#
#y......#.......[# #.#
#@......'.......)' #.#
#S.######........# #.#
#..# #........#
#.######..##
#........#
#..........#
#........#
####.......#
##########
#.......#######.......
#.......'.....'.......
#.......#######.......


You could see a hornet and an adder.

Vanquished Creatures
  A human (D:5)
  An orc warrior (D:6)
  A sky beast (D:5)
  2 centaurs
  3 ogres
  A phantom (D:7)
  2 big kobolds (Sewer)
  A bullfrog (D:6)
  A scorpion (D:6)
  3 killer bees
  3 howler monkeys
  A crimson imp (D:6)
  2 hounds
  A centaur skeleton (D:7)
  6 orc wizards
  4 orc priests
  Jessica (D:3)
  A gnoll shaman (D:4)
  A worker ant (D:5)
  An iguana (D:6)
  2 hound skeletons (D:4)
  8 gnolls
  17 adders
  12 river rats
  2 shadow imps
  3 adder skeletons
  4 worms
  3 dart slugs
  9 leopard geckos
  32 orcs
  8 bats
  5 giant cockroaches
  6 goblins
  15 hobgoblins
  14 jackals
  3 quokkas
  7 ball pythons
  5 frilled lizards
  3 jackal skeletons
  20 kobolds
  A kobold zombie (D:5)
  A leopard gecko skeleton (D:5)
  25 rats
242 creatures vanquished.

Notes
Turn   | Place    | Note
-------+----------+-------------------------------------------
     0 | D:1      | Delamore the Hill Orc Fighter began the quest for the Orb.
     0 | D:1      | Reached XP level 1. HP: 19/19 MP: 1/1
    31 | D:1      | Reached skill level 3 in Axes
   140 | D:1      | Reached XP level 2. HP: 24/26 MP: 2/2
   148 | D:1      | Reached skill level 4 in Axes
   484 | D:1      | Reached XP level 3. HP: 31/31 MP: 3/3
  1229 | D:2      | Reached skill level 5 in Axes
  1273 | D:2      | Found a radiant altar of Vehumet.
  1298 | D:2      | Reached XP level 4. HP: 26/39 MP: 4/4
  1639 | D:2      | Reached skill level 6 in Axes
  2031 | D:1      | Reached XP level 5. HP: 42/45 MP: 5/5
  2159 | D:2      | Reached skill level 7 in Axes
  2256 | D:2      | Found a shattered altar of Ashenzari.
  2617 | D:3      | Noticed Jessica
  2620 | D:3      | Killed Jessica
  2627 | D:3      | Reached skill level 8 in Axes
  2722 | D:3      | Found an iron altar of Okawaru.
  2722 | D:3      | Reached XP level 6. HP: 51/51 MP: 6/6
  2730 | D:3      | Became a worshipper of Warmaster Okawaru
  2856 | D:3      | Found a faded altar of an unknown god.
  2994 | D:3      | Found a shimmering altar of Xom.
  3240 | D:3      | Reached skill level 9 in Axes
  3980 | D:4      | Found a glowing drain.
  4001 | Sewer    | Entered a sewer
  4043 | Sewer    | Reached XP level 7. HP: 52/57 MP: 7/7
  4246 | Sewer    | Reached * piety under Okawaru
  4246 | Sewer    | Reached skill level 10 in Axes
  4982 | D:4      | Reached skill level 11 in Axes
  5241 | D:4      | Found an opulent altar of Gozag.
  5278 | D:4      | Reached XP level 8. HP: 63/64 MP: 8/8
  5483 | D:4      | Reached skill level 12 in Axes
  5601 | D:4      | Found a sacrificial altar of Ru.
  5833 | D:5      | Entered Level 5 of the Dungeon
  5914 | D:5      | Reached ** piety under Okawaru
  6042 | D:5      | Found a staircase to the Ecumenical Temple.
  6203 | D:5      | Reached skill level 13 in Axes
  6502 | D:5      | Found a runed translucent door.
  6517 | D:5      | Found a basalt altar of Yredelemnul.
  6749 | D:6      | Found a runed translucent gate.
  6749 | D:6      | Found a runed translucent gate.
  6750 | D:6      | Found a runed translucent gate.
  6754 | D:6      | Noticed P0WERM0DE's ghost (novice DsFi)
  6786 | D:6      | Reached skill level 14 in Axes
  6786 | D:6      | Reached XP level 9. HP: 44/70 MP: 9/9
  7016 | D:6      | Reached *** piety under Okawaru
  7446 | D:7      | Reached skill level 15 in Axes
  7539 | D:7      | Noticed a hornet
  7542 | D:7      | Paralysed by a hornet for 1 turns
  7858 | D:6      | Slain by a hornet

Levels and vault maps discovered:
D:1:      nzn_arrival_settlement, layout_basic
D:2:      layout_basic, ashenzari_altar_1, overflow_temple_1_default
D:3:      kb_forest_paths, layout_basic, marbit_many_paths,
          kennysheep_okawaru_gauntlet, chequers_ecumenical_altar_simple_redux,
          uniq_jessica
D:4:      layout_basic, nicolae_ru_the_path_less_chosen, first_ration,
          cheibrodos_sewer_entry_sluice, kennysheep_big_empty_room,
          nicolae_gozag_cash_rules_everything_around_me
D:5:      layout_loops_ring, minmay_temple_entry_slanted, dk_yredelemnul_ordeal
D:6:      layout_basic, ebering_ghost_rock_garden
D:7:      layout_cave_pools, basic_altar, grunt_ogre_cave, minmay_lizard_king

Skill      XL: |  1  2  3  4  5  6  7  8  9 |
---------------+----------------------------+-----
Axes           | 3 4 5 6 8 9 11 14 15 | 15.4
Fighting       | |  3.6
Armour         | |  3.2
Shields        | |  3.2

Action                   |  1- 3 |  4- 6 |  7- 9 || total
-------------------------+-------+-------+-------++-------
Melee: War axe           |   112 |   211 |       ||   323
       Battleaxe         |       |    33 |   298 ||   331
Throw: Dart              |       |     3 |     2 ||     5
  Use: Scroll            |       |     4 |     8 ||    12
       Potion            |       |       |     8 ||     8
  Eat: Chunk             |     1 |    10 |    11 ||    22
Armor: Scale mail        |    50 |   115 |   196 ||   361
Dodge: Dodged            |    56 |    83 |   206 ||   345
Block: Shield            |    57 |   105 |       ||   162
